Staline vs High Goats
Created - 22 mars 2014 at 19:21
Goals
|
| Staline |
3 |
1 |
1 |
5 |
| High Goats |
2 |
2 |
0 |
4 |
|
Shots
|
| Staline |
6 |
14 |
13 |
33 |
| High Goats |
14 |
13 |
5 |
32 |
|
1st period
1. Staline , Mason Raymond 13 (Devin Setoguchi, Yan Stastny) at 0:57
2. Staline , T.J. Oshie 23 (Dave Scatchard, Stu Bickel) at 8:34
3. High Goats , Antti Laaksonen 15 (Pavel Brendl, Anton Stralman) at 8:50
4. Staline , Mason Raymond 14 (Dave Scatchard, Stu Bickel) at 12:52
5. High Goats , Anton Stralman 9 (Pavel Brendl, Matt Taormina) at 15:58 (PP)
Penalties :
Jesse Winchester (Buc) for Hooking (Minor) at 9:51, Dave Scatchard (StJ) for Hooking (Minor) at 10:45, Cam Janssen (StJ) for Boarding (Minor) at 15:50, Devin Setoguchi (StJ) for Tripping (Minor) at 16:11
2nd period
6. High Goats , Dana Tyrell 5 (Jonathan Tremblay, Jason Ryznar) at 1:17
7. Staline , Devin Setoguchi 52 (Mason Raymond, Yan Stastny) at 2:30
8. High Goats , Pavel Brendl 45 (Anton Stralman, Jesse Winchester) at 16:33
Penalties :
Matt Taormina (Buc) for Tripping (Minor) at 5:38, Jesse Winchester (Buc) for Hooking (Minor) at 9:38
3rd period
9. Staline , Mason Raymond 15 (Devin Setoguchi, Yan Stastny) at 7:13 (PP)
Penalties :
Frederic St-Denis (Buc) for High sticking (Minor) at 2:23, Chris Summers (Buc) for Hooking (Minor) at 7:03, Matt Taormina (Buc) for Tripping (Minor) at 10:25, Antti Laaksonen (Buc) for Hooking (Minor) at 19:11
Goalie Stats
Erik Ersberg (StJ), 28 saves from 32 shots - (0,875), W, 26-12-6, 60:00 minutes
Keith Kinkaid (Buc), 28 saves from 33 shots - (0,848), L, 16-26-4, 60:00 minutes
Players Stats for Staline
Player Name G A P +/- PIM S H SB GA TA FO MP PP MP PK MP
------------------------------------------------------------------------------------
Brandon Prust 0 0 0 -1 0 0 3 0 0 0 0/0 17:48 4:25 0:56
Cam Janssen 0 0 0 0 2 6 2 0 2 0 0/0 12:23 0:00 0:11
Dave Scatchard 0 2 2 0 2 3 0 0 0 0 6/16 18:35 4:24 1:00
David Ullstrom 0 0 0 0 0 0 0 0 0 0 0/0 6:31 0:00 0:00
Devin Setoguchi 1 2 3 1 2 4 0 0 0 0 0/2 21:14 5:23 0:00
J.T. Wyman 0 0 0 0 0 3 0 2 2 0 0/0 6:31 0:00 0:00
James Sheppard 0 0 0 0 0 1 1 0 0 0 0/1 12:11 0:00 1:03
Josh Gorges 0 0 0 -2 0 1 4 3 2 0 0/0 29:33 5:04 1:40
Mason Raymond 3 1 4 2 0 4 4 0 0 1 1/1 21:41 5:23 0:54
Mathieu Perreault 0 0 0 0 0 0 2 0 0 0 4/8 11:08 0:00 0:00
Matt Generous 0 0 0 2 0 0 0 0 1 1 0/0 20:06 4:44 1:21
Stu Bickel 0 2 2 2 0 0 2 1 0 1 0/0 20:06 4:44 1:21
T.J. Fast 0 0 0 -2 0 1 1 3 0 0 0/0 29:33 5:04 1:40
T.J. Oshie 1 0 1 -1 0 5 2 0 1 0 0/0 16:52 4:25 0:00
Theo Peckham 0 0 0 1 0 2 0 2 0 0 0/0 10:21 0:00 0:00
Tyler Cuma 0 0 0 1 0 0 0 0 0 1 0/0 10:21 0:00 0:00
Yan Stastny 0 3 3 1 0 2 1 1 2 0 19/35 23:31 5:23 1:11
Zac Rinaldo 0 0 0 1 0 1 2 0 0 0 1/4 7:26 0:00 0:47
Players Stats for High Goats
Player Name G A P +/- PIM S H SB GA TA FO MP PP MP PK MP
------------------------------------------------------------------------------------
Anton Stralman 1 2 3 0 0 2 2 0 3 2 0/0 27:57 2:11 5:59
Antti Laaksonen 1 0 1 0 2 2 1 0 0 1 1/2 22:13 1:15 4:44
Brendon Segal 0 0 0 0 0 2 1 0 0 0 2/4 14:38 0:45 0:00
Chris Summers 0 0 0 -1 2 0 0 0 0 1 0/0 13:32 0:00 2:03
Dana Tyrell 1 0 1 0 0 1 1 0 0 0 5/7 7:11 0:00 0:30
Drayson Bowman 0 0 0 0 0 1 2 0 0 0 0/0 10:15 0:00 0:00
Frederic St-Denis 0 0 0 -1 2 0 0 1 0 1 0/0 11:38 0:00 0:00
Gord Baldwin 0 0 0 0 0 1 0 0 0 1 0/0 21:22 0:50 3:49
Jason Ryznar 0 1 1 0 0 0 0 0 0 0 0/0 8:34 0:00 1:54
Jesse Winchester 0 1 1 0 4 2 1 1 0 0 9/20 18:58 2:00 2:04
Jiri Tlusty 0 0 0 -1 0 2 3 1 0 1 0/0 13:57 1:01 0:00
Jonathan Tremblay 0 1 1 0 0 2 1 0 0 0 0/0 9:18 0:00 2:38
Joshua Bailey 0 0 0 0 0 1 1 0 0 0 5/9 10:15 0:00 0:00
Matt Frattin 0 0 0 -1 0 1 1 0 0 0 1/1 15:05 1:01 2:22
Matt Taormina 0 1 1 0 4 3 0 6 0 2 0/0 25:24 2:11 3:56
Nick Bonino 0 0 0 -1 0 4 3 0 0 0 6/11 13:57 1:01 0:00
Pavel Brendl 1 2 3 0 0 8 2 1 1 0 7/13 23:24 2:00 5:24
Thomas Hickey 0 0 0 0 0 0 1 0 0 1 0/0 21:22 0:50 3:49
3 Stars
1 - Mason Raymond (StJ)
2 - Pavel Brendl (Buc)
3 - Anton Stralman (Buc)
Power Play
Staline - 1 on 7 Attempt(s) - 14,29%
High Goats - 1 on 3 Attempt(s) - 33,33%
Penalty Kill
Staline - 2 on 3 Attempt(s) - 66,67%
- Score 0 goal in Penalty Kill
High Goats - 6 on 7 Attempt(s) - 85,71%
- Score 0 goal in Penalty Kill
Official
Referees : Marouelli Dan and StPierre Justin
Linesman : Derek Nansen and Mark Pare
Game Notes
Mason Raymond has scored a Hat Trick!
Finance
Level 1 -- Attendance: 1492 (74,60%) -- Ticket Income 52 220 $
Level 2 -- Attendance: 657 (65,70%) -- Ticket Income 9 855 $
Total Attendance: 2149 (71,63%)
Total Ticket Income: 62 075 $
Other Income: 3 104 $
Total Income: 65 179 $
Staline
5 vs 5 Forward
Center Left Wing Right Wing Time % Phy DF OF
1 Yan Stastny Mason Raymond Devin Setoguchi 40 1 2 2
2 Dave Scatchard Brandon Prust T.J. Oshie 30 1 2 2
3 Mathieu Perreault James Sheppard Cam Janssen 20 1 2 2
4 Zac Rinaldo David Ullstrom J.T. Wyman 10 1 2 2
5 vs 5 Defense
Defense Defense Time % Phy DF OF
1 Josh Gorges T.J. Fast 40 1 2 2
2 Stu Bickel Matt Generous 30 1 2 2
3 Theo Peckham Tyler Cuma 20 1 2 2
4 Josh Gorges T.J. Fast 10 1 2 2
PowerPlay Forward
Center Left Wing Right Wing Time % Phy DF OF
1 Yan Stastny Mason Raymond Devin Setoguchi 60 1 2 2
2 Dave Scatchard Brandon Prust T.J. Oshie 40 1 2 2
PowerPlay Defense
Defense Defense Time % Phy DF OF
1 Josh Gorges T.J. Fast 60 1 2 2
2 Stu Bickel Matt Generous 40 1 2 2
Penalty Kill 4 Players Forward
Center Wing Time % Phy DF OF
1 Yan Stastny Dave Scatchard 60 1 2 2
2 Devin Setoguchi Mason Raymond 40 1 2 2
Penalty Kill 4 Players Defense
Defense Defense Time % Phy DF OF
1 Josh Gorges T.J. Fast 60 1 2 2
2 Stu Bickel Matt Generous 40 1 2 2
Penalty Kill - 3 Players Forward
Forward Time % Phy DF OF
1 Yan Stastny 60 1 2 2
2 Dave Scatchard 40 1 2 2
Penalty Kill - 3 Players Defense
Defense Defense Time % Phy DF OF
1 Josh Gorges T.J. Fast 60 1 2 2
2 Stu Bickel Matt Generous 40 1 2 2
4 vs 4 Forward
Center Wing Time % Phy DF OF
1 Yan Stastny Dave Scatchard 60 1 2 2
2 Devin Setoguchi Mason Raymond 40 1 2 2
4 vs 4 Defense
Defense Defense Time % Phy DF OF
1 Josh Gorges T.J. Fast 60 1 2 2
2 Stu Bickel Matt Generous 40 1 2 2
Last Minutes Offensive
Center Left Wing Right Wing Defense Defense
Yan Stastny Mason Raymond Devin Setoguchi Josh Gorges T.J. Fast
Last Minutes Defensive
Center Left Wing Right Wing Defense Defense
Yan Stastny Mason Raymond Devin Setoguchi Josh Gorges T.J. Fast
Goaltenders
Starting : Erik Ersberg
Backup : Tobias Stephan
Extra Forwards
Normal : Cam Janssen, J.T. Wyman, James Sheppard - PP : Cam Janssen, J.T. Wyman - PK : James Sheppard
Extra Defensemen
Normal : Theo Peckham, Tyler Cuma, Stu Bickel - PP : Theo Peckham - PK : Tyler Cuma, Stu Bickel
Penalty Shots
Yan Stastny, Dave Scatchard, Devin Setoguchi, Mason Raymond, T.J. Oshie
High Goats
5 vs 5 Forward
Center Left Wing Right Wing Time % Phy DF OF
1 Jesse Winchester Antti Laaksonen Pavel Brendl 40 1 2 2
2 Nick Bonino Jiri Tlusty Brendon Segal 30 1 2 2
3 Joshua Bailey Drayson Bowman Matt Frattin 20 1 2 2
4 Dana Tyrell Jason Ryznar Jonathan Tremblay 10 1 2 2
5 vs 5 Defense
Defense Defense Time % Phy DF OF
1 Anton Stralman Matt Taormina 40 1 2 2
2 Gord Baldwin Thomas Hickey 30 1 2 2
3 Frederic St-Denis Chris Summers 20 1 2 2
4 Anton Stralman Matt Taormina 10 1 2 2
PowerPlay Forward
Center Left Wing Right Wing Time % Phy DF OF
1 Jesse Winchester Antti Laaksonen Pavel Brendl 60 1 2 2
2 Nick Bonino Jiri Tlusty Matt Frattin 40 1 2 2
PowerPlay Defense
Defense Defense Time % Phy DF OF
1 Anton Stralman Matt Taormina 60 1 2 2
2 Gord Baldwin Thomas Hickey 40 1 2 2
Penalty Kill 4 Players Forward
Center Wing Time % Phy DF OF
1 Pavel Brendl Antti Laaksonen 60 1 2 2
2 Jesse Winchester Jonathan Tremblay 40 1 2 2
Penalty Kill 4 Players Defense
Defense Defense Time % Phy DF OF
1 Anton Stralman Matt Taormina 60 1 2 2
2 Gord Baldwin Thomas Hickey 40 1 2 2
Penalty Kill - 3 Players Forward
Forward Time % Phy DF OF
1 Pavel Brendl 60 1 2 2
2 Antti Laaksonen 40 1 2 2
Penalty Kill - 3 Players Defense
Defense Defense Time % Phy DF OF
1 Anton Stralman Matt Taormina 60 1 2 2
2 Gord Baldwin Thomas Hickey 40 1 2 2
4 vs 4 Forward
Center Wing Time % Phy DF OF
1 Jesse Winchester Pavel Brendl 60 1 2 2
2 Nick Bonino Antti Laaksonen 40 1 2 2
4 vs 4 Defense
Defense Defense Time % Phy DF OF
1 Anton Stralman Matt Taormina 60 1 2 2
2 Gord Baldwin Thomas Hickey 40 1 2 2
Last Minutes Offensive
Center Left Wing Right Wing Defense Defense
Jesse Winchester Antti Laaksonen Pavel Brendl Anton Stralman Matt Taormina
Last Minutes Defensive
Center Left Wing Right Wing Defense Defense
Jesse Winchester Antti Laaksonen Pavel Brendl Anton Stralman Matt Taormina
Goaltenders
Starting : Keith Kinkaid
Backup : Thomas McCollum
Extra Forwards
Normal : Brendon Segal, Jiri Tlusty, Matt Frattin - PP : Brendon Segal, Jiri Tlusty - PK : Matt Frattin
Extra Defensemen
Normal : Frederic St-Denis, Chris Summers, Gord Baldwin - PP : Frederic St-Denis - PK : Chris Summers, Gord Baldwin
Penalty Shots
Pavel Brendl, Antti Laaksonen, Jesse Winchester, Jonathan Tremblay, Brendon Segal
% Time on Ice - Staline
Lines # - Real PCT - Wanted PCT - Time Play
Normal Forward
1 - 34% - 40% - 15:40
2 - 27% - 30% - 12:27
3 - 24% - 20% - 11:08
4 - 14% - 10% - 6:31
Normal Defense
1 - 43% - 40% - 19:29
2 - 31% - 30% - 14:01
3 - 23% - 20% - 10:21
4 - 4% - 10% - 1:55
PP Forward
1 - 55% - 60% - 5:23
2 - 45% - 40% - 4:25
PP Defense
1 - 52% - 60% - 5:04
2 - 48% - 40% - 4:44
PK Forward
1 - 75% - 60% - 2:15
2 - 25% - 40% - 0:46
PK Defense
1 - 55% - 60% - 1:40
2 - 45% - 40% - 1:21
PK3 Forward
1 - 0% - 60%
2 - 0% - 40%
PK3 Defense
1 - 0% - 60%
2 - 0% - 40%
44 Forward
1 - 100% - 60% - 1:05
2 - 0% - 40% - 0:00
44 Defense
1 - 100% - 60% - 1:05
2 - 0% - 40% - 0:00
Last Minute Offensive - 0:00
Last Minute Defensive - 0:20
Total
Forward - 60:00
Defense - 60:00
|
% Time on Ice - High Goats
Lines # - Real PCT - Wanted PCT - Time Play
Normal Forward
1 - 35% - 40% - 15:56
2 - 28% - 30% - 12:56
3 - 22% - 20% - 10:15
4 - 15% - 10% - 6:40
Normal Defense
1 - 39% - 40% - 17:57
2 - 37% - 30% - 16:43
3 - 23% - 20% - 10:41
4 - 1% - 10% - 0:26
PP Forward
1 - 66% - 60% - 2:00
2 - 34% - 40% - 1:01
PP Defense
1 - 72% - 60% - 2:11
2 - 28% - 40% - 0:50
PK Forward
1 - 73% - 60% - 7:10
2 - 27% - 40% - 2:38
PK Defense
1 - 65% - 60% - 6:20
2 - 35% - 40% - 3:28
PK3 Forward
1 - 0% - 60%
2 - 0% - 40%
PK3 Defense
1 - 0% - 60%
2 - 0% - 40%
44 Forward
1 - 100% - 60% - 1:05
2 - 0% - 40% - 0:00
44 Defense
1 - 100% - 60% - 1:05
2 - 0% - 40% - 0:00
Last Minute Offensive - 0:19
Last Minute Defensive - 0:00
Total
Forward - 60:00
Defense - 60:00
|
Play by Play
1st period
0:01 of 1st period - Yan Stastny wins face-off versus Jesse Winchester in neutral zone.
0:10 of 1st period - Slapshot by Devin Setoguchi.
0:10 of 1st period - Deflect By Mason Raymond.
0:10 of 1st period - Shot Misses the Net.
0:10 of 1st period - Puck is out of play.
0:11 of 1st period - Nick Bonino wins face-off versus Dave Scatchard in High Goats zone.
0:11 of 1st period - Nick Bonino is hit by Brandon Prust.
0:19 of 1st period - Matt Generous is hit by Nick Bonino and loses puck.
0:36 of 1st period - Stu Bickel is hit by Drayson Bowman and loses puck.
0:57 of 1st period - Wrist shot by Mason Raymond.
0:57 of 1st period - Goal by Mason Raymond - Staline : 1 - High Goats : 0.
0:58 of 1st period - Dana Tyrell wins face-off versus Zac Rinaldo in neutral zone.
1:01 of 1st period - Wrist shot by Matt Taormina.
1:01 of 1st period - Deflect By Jason Ryznar.
1:01 of 1st period - Shot Blocked by Josh Gorges.
1:01 of 1st period - Puck is out of play.
1:02 of 1st period - Dana Tyrell wins face-off versus Zac Rinaldo in Staline zone.
1:26 of 1st period - Off-side.
1:27 of 1st period - Jesse Winchester wins face-off versus Yan Stastny in neutral zone.
1:40 of 1st period - Snap shot by Antti Laaksonen.
1:40 of 1st period - Shot Blocked by Stu Bickel.
2:08 of 1st period - Icing by Frederic St-Denis.
2:09 of 1st period - Mathieu Perreault wins face-off versus Joshua Bailey in High Goats zone.
2:38 of 1st period - Snap shot by Pavel Brendl.
2:38 of 1st period - Shot Misses the Net.
2:58 of 1st period - Snap shot by Nick Bonino.
2:58 of 1st period - Shot Misses the Net.
3:00 of 1st period - Snap shot by Jiri Tlusty.
3:00 of 1st period - Shot Blocked by Theo Peckham.
3:30 of 1st period - Slapshot by Anton Stralman.
3:30 of 1st period - Shot Misses the Net.
5:03 of 1st period - Gord Baldwin is hit by T.J. Fast and loses puck.
5:08 of 1st period - Slapshot by Josh Gorges.
5:08 of 1st period - Shot Misses the Net.
5:10 of 1st period - Slapshot by Cam Janssen.
5:10 of 1st period - Shot Misses the Net.
5:33 of 1st period - Wrist shot by Matt Frattin.
5:33 of 1st period - Stopped by Erik Ersberg with a rebound.
5:42 of 1st period - Icing by Gord Baldwin.
5:43 of 1st period - Joshua Bailey wins face-off versus Dave Scatchard in High Goats zone.
5:48 of 1st period - Theo Peckham is hit by Anton Stralman and loses puck.
5:55 of 1st period - Snap shot by Nick Bonino.
5:55 of 1st period - Stopped by Erik Ersberg with a rebound.
5:57 of 1st period - Wrist shot by Anton Stralman.
5:57 of 1st period - Shot Misses the Net.
5:59 of 1st period - Wrist shot by Nick Bonino.
5:59 of 1st period - Shot Misses the Net.
6:18 of 1st period - Snap shot by Yan Stastny.
6:18 of 1st period - Shot Misses the Net.
6:38 of 1st period - Wrist shot by Cam Janssen.
6:38 of 1st period - Stopped by Keith Kinkaid without a rebound.
6:39 of 1st period - Nick Bonino wins face-off versus Mathieu Perreault in High Goats zone.
6:46 of 1st period - T.J. Fast is hit by Nick Bonino and loses puck.
6:51 of 1st period - Wrist shot by Nick Bonino.
6:51 of 1st period - Stopped by Erik Ersberg with a rebound.
6:53 of 1st period - Slapshot by Anton Stralman.
6:53 of 1st period - Shot Misses the Net.
6:55 of 1st period - Slapshot by Jiri Tlusty.
6:55 of 1st period - Stopped by Erik Ersberg with a rebound.
7:05 of 1st period - Jesse Winchester is hit by Josh Gorges and loses puck.
7:50 of 1st period - Gord Baldwin is hit by Zac Rinaldo and loses puck.
8:07 of 1st period - Matt Generous is hit by Jiri Tlusty and loses puck.
8:34 of 1st period - Wrist shot by T.J. Oshie.
8:34 of 1st period - Goal by T.J. Oshie - Staline : 2 - High Goats : 0.
8:35 of 1st period - Yan Stastny wins face-off versus Jesse Winchester in neutral zone.
8:50 of 1st period - Snap shot by Antti Laaksonen.
8:50 of 1st period - Goal by Antti Laaksonen - Staline : 2 - High Goats : 1.
8:51 of 1st period - Yan Stastny wins face-off versus Jesse Winchester in neutral zone.
8:54 of 1st period - Snap shot by Mason Raymond.
8:54 of 1st period - Shot Blocked by Matt Taormina.
9:35 of 1st period - Pavel Brendl is hit by Zac Rinaldo and loses puck.
9:51 of 1st period - Minor Penalty to Jesse Winchester for Hooking.
9:52 of 1st period - Matt Frattin wins face-off versus Devin Setoguchi in High Goats zone.
10:18 of 1st period - Anton Stralman is hit by Brandon Prust and loses puck.
10:45 of 1st period - Minor Penalty to Dave Scatchard for Hooking.
10:46 of 1st period - Brendon Segal wins face-off versus Yan Stastny in Staline zone.
10:55 of 1st period - Slapshot by Brendon Segal.
10:55 of 1st period - Deflect By Pavel Brendl.
10:55 of 1st period - Shot Misses the Net.
10:55 of 1st period - Puck is out of play.
10:56 of 1st period - Yan Stastny wins face-off versus Brendon Segal in Staline zone.
11:00 of 1st period - Icing by T.J. Fast.
11:01 of 1st period - Yan Stastny wins face-off versus Brendon Segal in Staline zone.
11:08 of 1st period - Snap shot by Brendon Segal.
11:08 of 1st period - Shot Blocked by Josh Gorges.
11:10 of 1st period - Slapshot by Pavel Brendl.
11:10 of 1st period - Stopped by Erik Ersberg without a rebound.
11:11 of 1st period - Brendon Segal wins face-off versus Yan Stastny in Staline zone.
11:26 of 1st period - Snap shot by Pavel Brendl.
11:26 of 1st period - Shot Misses the Net.
11:51 of 1st period - Penalty to Jesse Winchester is over, Jesse Winchester is back on ice.
12:10 of 1st period - Stu Bickel is hit by Brendon Segal.
12:20 of 1st period - Brandon Prust is hit by Pavel Brendl and loses puck.
12:41 of 1st period - Nick Bonino is hit by Josh Gorges and loses puck.
12:45 of 1st period - Penalty to Dave Scatchard is over, Dave Scatchard is back on ice.
12:46 of 1st period - Slapshot by Dave Scatchard.
12:46 of 1st period - Stopped by Keith Kinkaid with a rebound.
12:48 of 1st period - Slapshot by Stu Bickel.
12:48 of 1st period - Shot Blocked by Jiri Tlusty.
12:52 of 1st period - Wrist shot by Mason Raymond.
12:52 of 1st period - Goal by Mason Raymond - Staline : 3 - High Goats : 1.
12:53 of 1st period - Yan Stastny wins face-off versus Joshua Bailey in neutral zone.
13:12 of 1st period - Frederic St-Denis is hit by Stu Bickel and loses puck.
13:20 of 1st period - Icing by Frederic St-Denis.
13:21 of 1st period - Dana Tyrell wins face-off versus Dave Scatchard in High Goats zone.
13:26 of 1st period - Slapshot by Jonathan Tremblay.
13:26 of 1st period - Stopped by Erik Ersberg with a rebound.
13:36 of 1st period - Jason Ryznar is hit by T.J. Oshie and loses puck.
13:47 of 1st period - Josh Gorges is hit by Matt Frattin and loses puck.
14:36 of 1st period - Snap shot by Nick Bonino.
14:36 of 1st period - Stopped by Erik Ersberg with a rebound.
15:16 of 1st period - Snap shot by Matt Frattin.
15:16 of 1st period - Shot Blocked by Yan Stastny.
15:18 of 1st period - Slapshot by Gord Baldwin.
15:18 of 1st period - Stopped by Erik Ersberg with a rebound.
15:50 of 1st period - Minor Penalty to Cam Janssen for Boarding.
15:51 of 1st period - Jesse Winchester wins face-off versus Yan Stastny in Staline zone.
15:52 of 1st period - Wrist shot by Antti Laaksonen.
15:52 of 1st period - Stopped by Erik Ersberg with a rebound.
15:54 of 1st period - Slapshot by Matt Taormina.
15:54 of 1st period - Stopped by Erik Ersberg with a rebound.
15:56 of 1st period - Slapshot by Pavel Brendl.
15:56 of 1st period - Shot Misses the Net.
15:58 of 1st period - Slapshot by Anton Stralman.
15:58 of 1st period - Goal by Anton Stralman - Staline : 3 - High Goats : 2.
15:59 of 1st period - Mason Raymond wins face-off versus Nick Bonino in neutral zone.
16:11 of 1st period - Minor Penalty to Devin Setoguchi for Tripping.
16:12 of 1st period - Yan Stastny wins face-off versus Jesse Winchester in Staline zone.
18:11 of 1st period - Penalty to Devin Setoguchi is over, Devin Setoguchi is back on ice.
18:21 of 1st period - Wrist shot by Devin Setoguchi.
18:21 of 1st period - Stopped by Keith Kinkaid with a rebound.
18:27 of 1st period - Theo Peckham is hit by Dana Tyrell and loses puck.
18:50 of 1st period - Backhand shot by Cam Janssen.
18:50 of 1st period - Shot Misses the Net.
18:52 of 1st period - Wrist shot by James Sheppard.
18:52 of 1st period - Deflect By Cam Janssen.
18:52 of 1st period - Shot Blocked by Frederic St-Denis.
18:52 of 1st period - Puck is out of play.
18:53 of 1st period - Dana Tyrell wins face-off versus Mathieu Perreault in High Goats zone.
18:53 of 1st period - Dana Tyrell is hit by Stu Bickel.
19:39 of 1st period - Wrist shot by Pavel Brendl.
19:39 of 1st period - Stopped by Erik Ersberg with a rebound.
19:41 of 1st period - Wrist shot by Matt Taormina.
19:41 of 1st period - Stopped by Erik Ersberg with a rebound.
19:57 of 1st period - Dave Scatchard is hit by Drayson Bowman and loses puck.
Goals for this period are 3 for Staline vs 2 for High Goats.
Shots for this period are 6 for Staline vs 14 for High Goats.
2nd period
0:01 of 2nd period - Pavel Brendl wins face-off versus Yan Stastny in neutral zone.
0:28 of 2nd period - Wrist shot by Brendon Segal.
0:28 of 2nd period - Stopped by Erik Ersberg with a rebound.
0:30 of 2nd period - Wrist shot by Matt Taormina.
0:30 of 2nd period - Stopped by Erik Ersberg with a rebound.
0:38 of 2nd period - Snap shot by Brendon Segal.
0:38 of 2nd period - Shot Misses the Net.
1:15 of 2nd period - Snap shot by Jonathan Tremblay.
1:15 of 2nd period - Shot Blocked by T.J. Fast.
1:17 of 2nd period - Snap shot by Dana Tyrell.
1:17 of 2nd period - Goal by Dana Tyrell - Staline : 3 - High Goats : 3.
1:18 of 2nd period - Yan Stastny wins face-off versus Jesse Winchester in neutral zone.
1:21 of 2nd period - Antti Laaksonen is hit by Yan Stastny and loses puck.
1:26 of 2nd period - Snap shot by Devin Setoguchi.
1:26 of 2nd period - Shot Blocked by Pavel Brendl.
1:28 of 2nd period - Slapshot by Matt Generous.
1:28 of 2nd period - Shot Blocked by Matt Taormina.
1:56 of 2nd period - Snap shot by Mason Raymond.
1:56 of 2nd period - Shot Blocked by Matt Taormina.
2:14 of 2nd period - Wrist shot by Yan Stastny.
2:14 of 2nd period - Shot Misses the Net.
2:16 of 2nd period - Snap shot by Devin Setoguchi.
2:16 of 2nd period - Stopped by Keith Kinkaid with a rebound.
2:26 of 2nd period - Wrist shot by Mason Raymond.
2:26 of 2nd period - Shot Misses the Net.
2:30 of 2nd period - Snap shot by Devin Setoguchi.
2:30 of 2nd period - Goal by Devin Setoguchi - Staline : 4 - High Goats : 3.
2:31 of 2nd period - Dave Scatchard wins face-off versus Antti Laaksonen in neutral zone.
2:42 of 2nd period - Snap shot by Jesse Winchester.
2:42 of 2nd period - Deflect By Pavel Brendl.
2:42 of 2nd period - Stopped by Erik Ersberg without a rebound.
2:43 of 2nd period - Dave Scatchard wins face-off versus Jesse Winchester in Staline zone.
3:32 of 2nd period - Matt Generous is hit by Thomas Hickey and loses puck.
4:05 of 2nd period - Icing by Anton Stralman.
4:06 of 2nd period - Yan Stastny wins face-off versus Jesse Winchester in High Goats zone.
4:07 of 2nd period - Backhand shot by Mason Raymond.
4:07 of 2nd period - Stopped by Keith Kinkaid with a rebound.
4:17 of 2nd period - Backhand shot by Pavel Brendl.
4:17 of 2nd period - Stopped by Erik Ersberg without a rebound.
4:18 of 2nd period - Nick Bonino wins face-off versus Yan Stastny in Staline zone.
4:45 of 2nd period - Snap shot by Drayson Bowman.
4:45 of 2nd period - Shot Blocked by T.J. Fast.
4:56 of 2nd period - Off-side.
4:57 of 2nd period - Dave Scatchard wins face-off versus Jesse Winchester in neutral zone.
5:22 of 2nd period - Snap shot by Cam Janssen.
5:22 of 2nd period - Stopped by Keith Kinkaid with a rebound.
5:28 of 2nd period - Wrist shot by Cam Janssen.
5:28 of 2nd period - Stopped by Keith Kinkaid with a rebound.
5:32 of 2nd period - Snap shot by Cam Janssen.
5:32 of 2nd period - Shot Misses the Net.
5:38 of 2nd period - Minor Penalty to Matt Taormina for Tripping.
5:39 of 2nd period - Pavel Brendl wins face-off versus Yan Stastny in High Goats zone.
6:08 of 2nd period - Thomas Hickey is hit by Josh Gorges and loses puck.
7:05 of 2nd period - Matt Frattin is hit by Brandon Prust and loses puck.
7:38 of 2nd period - Penalty to Matt Taormina is over, Matt Taormina is back on ice.
7:44 of 2nd period - Wrist shot by Cam Janssen.
7:44 of 2nd period - Shot Misses the Net.
7:46 of 2nd period - Wrist shot by Theo Peckham.
7:46 of 2nd period - Deflect By Cam Janssen.
7:46 of 2nd period - Shot Misses the Net.
7:46 of 2nd period - Puck is out of play.
7:47 of 2nd period - Nick Bonino wins face-off versus Mathieu Perreault in High Goats zone.
7:51 of 2nd period - Off-side.
7:52 of 2nd period - Mathieu Perreault wins face-off versus Nick Bonino in neutral zone.
8:24 of 2nd period - Wrist shot by Antti Laaksonen.
8:24 of 2nd period - Shot Misses the Net.
8:26 of 2nd period - Wrist shot by Antti Laaksonen.
8:26 of 2nd period - Deflect By Pavel Brendl.
8:26 of 2nd period - Stopped by Erik Ersberg without a rebound.
8:27 of 2nd period - Dave Scatchard wins face-off versus Nick Bonino in Staline zone.
8:32 of 2nd period - Josh Gorges is hit by Jiri Tlusty and loses puck.
9:15 of 2nd period - Slapshot by Anton Stralman.
9:15 of 2nd period - Deflect By Drayson Bowman.
9:15 of 2nd period - Stopped by Erik Ersberg with a rebound.
9:22 of 2nd period - Snap shot by James Sheppard.
9:22 of 2nd period - Stopped by Keith Kinkaid without a rebound.
9:23 of 2nd period - Jesse Winchester wins face-off versus Dave Scatchard in High Goats zone.
9:30 of 2nd period - Snap shot by Pavel Brendl.
9:30 of 2nd period - Stopped by Erik Ersberg without a rebound.
9:31 of 2nd period - Dave Scatchard wins face-off versus Jesse Winchester in Staline zone.
9:31 of 2nd period - Dave Scatchard is hit by Antti Laaksonen.
9:38 of 2nd period - Minor Penalty to Jesse Winchester for Hooking.
9:39 of 2nd period - Pavel Brendl wins face-off versus Yan Stastny in High Goats zone.
9:53 of 2nd period - Snap shot by Yan Stastny.
9:53 of 2nd period - Stopped by Keith Kinkaid without a rebound.
9:54 of 2nd period - Pavel Brendl wins face-off versus Devin Setoguchi in High Goats zone.
9:54 of 2nd period - Pavel Brendl is hit by Mason Raymond.
11:38 of 2nd period - Penalty to Jesse Winchester is over, Jesse Winchester is back on ice.
11:55 of 2nd period - Snap shot by Nick Bonino.
11:55 of 2nd period - Stopped by Erik Ersberg without a rebound.
11:56 of 2nd period - Mathieu Perreault wins face-off versus Joshua Bailey in Staline zone.
12:03 of 2nd period - Snap shot by Cam Janssen.
12:03 of 2nd period - Stopped by Keith Kinkaid without a rebound.
12:04 of 2nd period - Joshua Bailey wins face-off versus Mathieu Perreault in High Goats zone.
12:04 of 2nd period - Joshua Bailey is hit by Mathieu Perreault.
12:10 of 2nd period - Gord Baldwin is hit by Cam Janssen and loses puck.
12:19 of 2nd period - Slapshot by Mathieu Perreault.
12:19 of 2nd period - Shot Misses the Net.
13:23 of 2nd period - Snap shot by Jason Ryznar.
13:23 of 2nd period - Deflect By Jonathan Tremblay.
13:23 of 2nd period - Shot Blocked by J.T. Wyman.
13:23 of 2nd period - Puck is out of play.
13:24 of 2nd period - Jesse Winchester wins face-off versus Yan Stastny in Staline zone.
13:27 of 2nd period - Snap shot by Pavel Brendl.
13:27 of 2nd period - Stopped by Erik Ersberg with a rebound.
14:13 of 2nd period - Stu Bickel is hit by Joshua Bailey and loses puck.
14:22 of 2nd period - Slapshot by Matt Generous.
14:22 of 2nd period - Shot Blocked by Matt Taormina.
14:24 of 2nd period - Slapshot by Stu Bickel.
14:24 of 2nd period - Deflect By Cam Janssen.
14:24 of 2nd period - Stopped by Keith Kinkaid with a rebound.
14:57 of 2nd period - Pavel Brendl is hit by Mason Raymond and loses puck.
15:43 of 2nd period - Snap shot by Joshua Bailey.
15:43 of 2nd period - Stopped by Erik Ersberg with a rebound.
16:03 of 2nd period - Wrist shot by J.T. Wyman.
16:03 of 2nd period - Stopped by Keith Kinkaid with a rebound.
16:27 of 2nd period - Off-side.
16:28 of 2nd period - Jesse Winchester wins face-off versus Dave Scatchard in neutral zone.
16:33 of 2nd period - Slapshot by Pavel Brendl.
16:33 of 2nd period - Goal by Pavel Brendl - Staline : 4 - High Goats : 4.
16:34 of 2nd period - Pavel Brendl wins face-off versus Yan Stastny in neutral zone.
16:42 of 2nd period - Slapshot by Devin Setoguchi.
16:42 of 2nd period - Stopped by Keith Kinkaid with a rebound.
17:06 of 2nd period - Icing by Dave Scatchard.
17:07 of 2nd period - Nick Bonino wins face-off versus Dave Scatchard in Staline zone.
17:08 of 2nd period - Slapshot by Brendon Segal.
17:08 of 2nd period - Shot Blocked by Josh Gorges.
17:18 of 2nd period - Wrist shot by Brendon Segal.
17:18 of 2nd period - Stopped by Erik Ersberg with a rebound.
18:02 of 2nd period - Slapshot by T.J. Oshie.
18:02 of 2nd period - Shot Misses the Net.
18:04 of 2nd period - Snap shot by Brandon Prust.
18:04 of 2nd period - Deflect By T.J. Oshie.
18:04 of 2nd period - Stopped by Keith Kinkaid without a rebound.
18:05 of 2nd period - Yan Stastny wins face-off versus Pavel Brendl in High Goats zone.
18:43 of 2nd period - Stu Bickel is hit by Nick Bonino.
18:57 of 2nd period - Wrist shot by J.T. Wyman.
18:57 of 2nd period - Stopped by Keith Kinkaid with a rebound.
18:59 of 2nd period - Wrist shot by Theo Peckham.
18:59 of 2nd period - Stopped by Keith Kinkaid without a rebound.
19:00 of 2nd period - Yan Stastny wins face-off versus Joshua Bailey in High Goats zone.
19:07 of 2nd period - Chris Summers is hit by Mason Raymond and loses puck.
Goals for this period are 1 for Staline vs 2 for High Goats.
Shots for this period are 14 for Staline vs 13 for High Goats.
3rd period
0:01 of 3rd period - Yan Stastny wins face-off versus Jesse Winchester in neutral zone.
0:03 of 3rd period - Off-side.
0:04 of 3rd period - Antti Laaksonen wins face-off versus Yan Stastny in neutral zone.
0:34 of 3rd period - Wrist shot by Jiri Tlusty.
0:34 of 3rd period - Stopped by Erik Ersberg with a rebound.
0:36 of 3rd period - Wrist shot by Nick Bonino.
0:36 of 3rd period - Shot Misses the Net.
0:38 of 3rd period - Snap shot by Brendon Segal.
0:38 of 3rd period - Shot Misses the Net.
1:19 of 3rd period - Matt Frattin is hit by James Sheppard and loses puck.
1:42 of 3rd period - Slapshot by Josh Gorges.
1:42 of 3rd period - Deflect By Pavel Brendl.
1:42 of 3rd period - Stopped by Keith Kinkaid without a rebound.
1:43 of 3rd period - Jesse Winchester wins face-off versus Yan Stastny in High Goats zone.
2:23 of 3rd period - Minor Penalty to Frederic St-Denis for High sticking.
2:24 of 3rd period - Yan Stastny wins face-off versus Pavel Brendl in High Goats zone.
2:27 of 3rd period - Snap shot by Mason Raymond.
2:27 of 3rd period - Deflect By Devin Setoguchi.
2:27 of 3rd period - Shot Misses the Net.
2:27 of 3rd period - Puck is out of play.
2:28 of 3rd period - Yan Stastny wins face-off versus Pavel Brendl in High Goats zone.
2:57 of 3rd period - Snap shot by Dave Scatchard.
2:57 of 3rd period - Shot Blocked by Matt Taormina.
2:59 of 3rd period - Slapshot by Stu Bickel.
2:59 of 3rd period - Deflect By Brandon Prust.
2:59 of 3rd period - Shot Misses the Net.
2:59 of 3rd period - Puck is out of play.
3:00 of 3rd period - Yan Stastny wins face-off versus Jesse Winchester in High Goats zone.
3:13 of 3rd period - Slapshot by Mason Raymond.
3:13 of 3rd period - Shot Misses the Net.
3:25 of 3rd period - Josh Gorges is hit by Jesse Winchester and loses puck.
4:23 of 3rd period - Penalty to Frederic St-Denis is over, Frederic St-Denis is back on ice.
5:40 of 3rd period - Wrist shot by Jason Ryznar.
5:40 of 3rd period - Deflect By Jonathan Tremblay.
5:40 of 3rd period - Stopped by Erik Ersberg without a rebound.
5:41 of 3rd period - Zac Rinaldo wins face-off versus Dana Tyrell in Staline zone.
5:41 of 3rd period - Zac Rinaldo is hit by Jonathan Tremblay.
5:55 of 3rd period - Snap shot by J.T. Wyman.
5:55 of 3rd period - Shot Blocked by Matt Taormina.
5:57 of 3rd period - Slapshot by Zac Rinaldo.
5:57 of 3rd period - Shot Misses the Net.
6:24 of 3rd period - Icing by Brendon Segal.
6:25 of 3rd period - Joshua Bailey wins face-off versus Dave Scatchard in High Goats zone.
7:03 of 3rd period - Minor Penalty to Chris Summers for Hooking.
7:04 of 3rd period - Yan Stastny wins face-off versus Pavel Brendl in High Goats zone.
7:13 of 3rd period - Slapshot by Mason Raymond.
7:13 of 3rd period - Goal by Mason Raymond - Staline : 5 - High Goats : 4.
7:14 of 3rd period - Jesse Winchester wins face-off versus Yan Stastny in neutral zone.
7:23 of 3rd period - Devin Setoguchi is hit by Anton Stralman and loses puck.
7:46 of 3rd period - Jiri Tlusty is hit by Josh Gorges and loses puck.
8:23 of 3rd period - Wrist shot by Pavel Brendl.
8:23 of 3rd period - Shot Blocked by J.T. Wyman.
8:42 of 3rd period - Off-side.
8:43 of 3rd period - Dana Tyrell wins face-off versus Yan Stastny in neutral zone.
9:08 of 3rd period - Theo Peckham is hit by Jiri Tlusty and loses puck.
9:24 of 3rd period - Off-side.
9:25 of 3rd period - Pavel Brendl wins face-off versus Dave Scatchard in neutral zone.
10:08 of 3rd period - Slapshot by T.J. Oshie.
10:08 of 3rd period - Shot Misses the Net.
10:10 of 3rd period - Wrist shot by T.J. Fast.
10:10 of 3rd period - Shot Misses the Net.
10:12 of 3rd period - Slapshot by T.J. Fast.
10:12 of 3rd period - Stopped by Keith Kinkaid with a rebound.
10:14 of 3rd period - Slapshot by Josh Gorges.
10:14 of 3rd period - Shot Misses the Net.
10:16 of 3rd period - Snap shot by Brandon Prust.
10:16 of 3rd period - Shot Misses the Net.
10:18 of 3rd period - Snap shot by T.J. Oshie.
10:18 of 3rd period - Stopped by Keith Kinkaid with a rebound.
10:22 of 3rd period - Snap shot by Dave Scatchard.
10:22 of 3rd period - Stopped by Keith Kinkaid without a rebound.
10:23 of 3rd period - Jesse Winchester wins face-off versus Yan Stastny in High Goats zone.
10:25 of 3rd period - Minor Penalty to Matt Taormina for Tripping.
10:26 of 3rd period - Yan Stastny wins face-off versus Pavel Brendl in High Goats zone.
10:44 of 3rd period - Anton Stralman is hit by Mason Raymond and loses puck.
11:13 of 3rd period - Wrist shot by Jesse Winchester.
11:13 of 3rd period - Stopped by Erik Ersberg without a rebound.
11:14 of 3rd period - Pavel Brendl wins face-off versus Yan Stastny in Staline zone.
12:25 of 3rd period - Penalty to Matt Taormina is over, Matt Taormina is back on ice.
12:39 of 3rd period - Slapshot by Anton Stralman.
12:39 of 3rd period - Stopped by Erik Ersberg with a rebound.
13:01 of 3rd period - Snap shot by Brendon Segal.
13:01 of 3rd period - Shot Blocked by Theo Peckham.
13:11 of 3rd period - Slapshot by Theo Peckham.
13:11 of 3rd period - Deflect By Gord Baldwin.
13:11 of 3rd period - Stopped by Keith Kinkaid without a rebound.
13:12 of 3rd period - Mathieu Perreault wins face-off versus Dana Tyrell in High Goats zone.
13:19 of 3rd period - Wrist shot by Cam Janssen.
13:19 of 3rd period - Stopped by Keith Kinkaid without a rebound.
13:20 of 3rd period - Yan Stastny wins face-off versus Nick Bonino in High Goats zone.
13:52 of 3rd period - Snap shot by Dave Scatchard.
13:52 of 3rd period - Shot Misses the Net.
13:54 of 3rd period - Wrist shot by T.J. Oshie.
13:54 of 3rd period - Stopped by Keith Kinkaid with a rebound.
14:24 of 3rd period - Slapshot by Theo Peckham.
14:24 of 3rd period - Deflect By J.T. Wyman.
14:24 of 3rd period - Stopped by Keith Kinkaid with a rebound.
14:26 of 3rd period - Snap shot by Zac Rinaldo.
14:26 of 3rd period - Stopped by Keith Kinkaid with a rebound.
14:50 of 3rd period - Wrist shot by Yan Stastny.
14:50 of 3rd period - Stopped by Keith Kinkaid without a rebound.
14:51 of 3rd period - Yan Stastny wins face-off versus Nick Bonino in High Goats zone.
15:06 of 3rd period - Slapshot by Nick Bonino.
15:06 of 3rd period - Shot Misses the Net.
15:16 of 3rd period - Anton Stralman is hit by Mathieu Perreault and loses puck.
15:37 of 3rd period - Snap shot by T.J. Oshie.
15:37 of 3rd period - Stopped by Keith Kinkaid without a rebound.
15:38 of 3rd period - Jesse Winchester wins face-off versus Dave Scatchard in High Goats zone.
15:45 of 3rd period - Backhand shot by Pavel Brendl.
15:45 of 3rd period - Shot Blocked by T.J. Fast.
16:03 of 3rd period - Joshua Bailey is hit by Cam Janssen and loses puck.
16:29 of 3rd period - Wrist shot by Mason Raymond.
16:29 of 3rd period - Shot Misses the Net.
16:43 of 3rd period - Mason Raymond is hit by Pavel Brendl and loses puck.
17:06 of 3rd period - Wrist shot by T.J. Oshie.
17:06 of 3rd period - Deflect By Dave Scatchard.
17:06 of 3rd period - Stopped by Keith Kinkaid without a rebound.
17:07 of 3rd period - Joshua Bailey wins face-off versus Dave Scatchard in High Goats zone.
17:07 of 3rd period - Joshua Bailey is hit by T.J. Oshie.
17:38 of 3rd period - Snap shot by Cam Janssen.
17:38 of 3rd period - Shot Blocked by Jesse Winchester.
17:52 of 3rd period - Snap shot by Jesse Winchester.
17:52 of 3rd period - Stopped by Erik Ersberg without a rebound.
17:53 of 3rd period - Nick Bonino wins face-off versus Zac Rinaldo in Staline zone.
18:05 of 3rd period - Off-side.
18:06 of 3rd period - Joshua Bailey wins face-off versus James Sheppard in neutral zone.
19:11 of 3rd period - Minor Penalty to Antti Laaksonen for Hooking.
19:12 of 3rd period - Dave Scatchard wins face-off versus Pavel Brendl in High Goats zone.
19:24 of 3rd period - Wrist shot by Dave Scatchard.
19:24 of 3rd period - Shot Misses the Net.
Goals for this period are 1 for Staline vs 0 for High Goats.
Shots for this period are 13 for Staline vs 5 for High Goats.
Output by the SimonT Hockey Simulator (STHS) for François Prévost -- Original Page W3C XHTML 1.0 Valid